 Dungeon Crawl Stone Soup version 0.27.1-4-g1640c2035a (webtiles) character file.

Game seed: 11069443753184015221

11 Stomo444 the Skirmisher (level 2, 0/16 HPs)
             Began as a Vine Stalker Monk on Nov 10, 2021.
             Slain by a hobgoblin (3 damage)
             ... on level 1 of the Dungeon.
             The game lasted 00:00:23 (275 turns).

Stomo444 the Skirmisher (Vine Stalker Monk)          Turns: 275, Time: 00:00:23

Health: 0/16       AC:  2    Str: 13    XL:     2   Next: 25%
Magic:  0/3        EV: 12    Int: 10    God:
Gold:   10         SH:  0    Dex: 16    Spells: 1/1 levels left

rFire    . . .     SeeInvis .   a - +0 mace
rCold    . . .     Faith    .   (no shield)
rNeg     . . .     Spirit   +   b - +0 robe
rPois    .         Reflect  .   (no helmet)
rElec    .         Harm     .   (no cloak)
rCorr    .         Rampage  .   (no gloves)
Will     .....                  (no boots)
Stlth    ++........             (no amulet)
HPRegen  0.05/turn              (no ring)
MPRegen  0.08/turn              (no ring)

@: no status effects
A: fangs 2, magic shield, antimagic bite, no potion heal 2
a: no special abilities


You were on level 1 of the Dungeon.
You visited 1 branch of the dungeon, and saw 1 of its levels.

You collected 10 gold pieces.

Inventory:

Hand Weapons
 a - a +0 mace (weapon)
Armour
 b - a +0 robe (worn)


   Skills:
 * Level 3.0 Fighting
 * Level 2.9 Maces & Flails
 + Level 2.5 Dodging
 - Level 2.4 Stealth


You had one spell level left.
You didn't know any spells.
Your spell library was empty.

Dungeon Overview and Level Annotations

Branches:
Dungeon (1/15)

Altars:


Innate Abilities, Weirdness & Mutations

You have extremely sharp teeth.
When hurt, damage is shared between your health and your magic reserves.
Your bite disrupts and absorbs the magic of your enemies.
Potions cannot restore your health.


Message History

You kill the ball python!
The hobgoblin hits you. The hobgoblin closely misses you.
You hit the hobgoblin.
The hobgoblin is heavily wounded.
The hobgoblin hits you. The frilled lizard barely misses you.
The hobgoblin closely misses you.
The hobgoblin hits you but does no damage.
The hobgoblin barely misses you. The frilled lizard closely misses you.
Found a mace and 19 gold pieces.
Found 2 purple potions.
The frilled lizard bites you.
* * * LOW HITPOINT WARNING * * *
The ball python closely misses you. x2
The ball python bites you but does no damage.
The ball python grabs you. The ball python constricts you.
You escape the ball python's grasp.
The ball python barely misses you. The ball python closely misses you.
You hit the ball python.
You kill the ball python!
Your Fighting skill increases to level 3!
You closely miss the frilled lizard. The hobgoblin barely misses you.
The frilled lizard misses you.
The hobgoblin hits you but does no damage.
You sock the frilled lizard!
You kill the frilled lizard!
The hobgoblin closely misses you.
You closely miss the hobgoblin.
You bite the hobgoblin, but do no damage.
The hobgoblin closely misses you.
You barely miss the hobgoblin.
The hobgoblin is heavily wounded.
The hobgoblin hits you.
* * * LOW HITPOINT WARNING * * *
The hobgoblin hits you but does no damage.
The hobgoblin misses you.
Unknown command.
You hit the hobgoblin but do no damage.
The hobgoblin is heavily wounded.
The hobgoblin hits you.
You die...

### .... ##..
#...####
##..##....
#.g#......!
##@#.#....$.
#.g#).#....
....
#.#....#..# .
... ##
#.#....$# ..
... ...
#.#....)##$..
... #.#
#.#....#..#..
#.# #.#
#..#..#....#.
#.#######.#
##.#.#)....:#
#.......#.#
#..#........


You could see 2 hobgoblins.

Vanquished Creatures
  3 ball pythons (D:1)
  3 goblins (D:1)
  A bat (D:1)
  2 frilled lizards (D:1)
  A rat (D:1)
10 creatures vanquished.

Notes
Turn   | Place    | Note
-------+----------+-------------------------------------------
     0 | D:1      | Stomo444 the Vine Stalker Monk began the quest for the Orb.
     0 | D:1      | Reached XP level 1. HP: 11/11 MP: 2/2
   258 | D:1      | Reached XP level 2. HP: 16/16 MP: 3/3
   271 | D:1      | Reached skill level 3 in Fighting
   275 | D:1      | Slain by a hobgoblin

Illustrated notes

Levels and vault maps discovered:
D:1:      lemuel_arrival_behind_the_door_small, layout_loops_cross,
          serial_glass, glass_columns_a, glass_columns_b, minmay_crystal_room,
          minmay_circled_x

Skill      XL: |  1  2 |
---------------+-------+-----
Fighting       | 3 |  3.0
Maces & Flails | |  2.9
Dodging        | |  2.5
Stealth        | |  2.4

Action                   || total
-------------------------++-------
Melee: Mace              ||    22
       Bite              ||     5
 Stab: Sleeping          ||     3
Armor: Robe              ||     5
Dodge: Dodged            ||    18
